 Dungeon Crawl Stone Soup version 0.24-a0-439-g6dd8730de2 (webtiles) character file.

Game seed: 14262026270705372422

343 nikopol the Firebug (level 6, -5/32 HPs)
             Began as a Deep Elf Fire Elementalist on June 17, 2019.
             Slain by a river rat (7 damage)
             ... in a sewer.
             The game lasted 00:12:02 (4254 turns).

nikopol the Firebug (Deep Elf Fire Elementalist)    Turns: 4254, Time: 00:12:02

Health: -5/32      AC:  4    Str:  5    XL:     6   Next: 31%
Magic:  1/15       EV: 13    Int: 22    God:
Gold:   104        SH:  0    Dex: 15    Spells: 5/15 levels left

rFire    . . .     SeeInvis .   f - +0 dagger
rCold    . . .     Gourm    .   (no shield)
rNeg     . . .     Faith    .   a - +0 robe
rPois    .         Spirit   .   q - +0 helmet
rElec    .         Reflect  .   r - +0 cloak
rCorr    .         Harm     .   (no gloves)
MR       +....                  (no boots)
Stlth    +++.......             (no amulet)
HPRegen  0.10/turn              l - ring of protection from magic
MPRegen  0.14/turn              (no ring)

@: no status effects
A: no striking features
a: no special abilities


You were in a sewer.
You were not hungry.

You visited 1 branch of the dungeon, and saw 4 of its levels.
You also visited: Sewer.

You collected 104 gold pieces.

Inventory:

Hand Weapons
 f - a +0 dagger (weapon)
Armour
 a - a +0 robe (worn)
 q - a +0 helmet (worn)
 r - a +0 cloak (worn)
Jewellery
 l - a ring of protection from magic (left hand)
Wands
 o - a wand of polymorph (9)
Scrolls
 e - a scroll of teleportation {unknown}
 h - 4 scrolls of fear {unknown}
 i - a scroll of immolation {unknown}
 j - a scroll of fog {unknown}
 m - 4 scrolls of identify {unknown}
 t - a scroll of remove curse {unknown}
Potions
 b - a potion of degeneration {unknown}
 d - a potion of flight {unknown}
 g - a potion of brilliance {unknown}
 k - 2 potions of ambrosia {unknown}
 n - a potion of invisibility {unknown}
 p - a potion of curing
 s - a potion of might {unknown}
Comestibles
 c - 7 rations
 u - 3 chunks of flesh


   Skills:
 + Level 2.6 Dodging
 + Level 3.8 Stealth
 + Level 5.2 Spellcasting
 + Level 3.4 Conjurations
 + Level 5.3 Fire Magic


You had 5 spell levels left.
You knew the following spells:

 Your Spells              Type           Power        Failure   Level  Hunger
a - Flame Tongue          Conj/Fire      ####.        1%          1    None
b - Throw Flame           Conj/Fire      ####..       2%          2    None
c - Conjure Flame         Conj/Fire      ####....     4%          3    ##.....
d - Sticky Flame          Conj/Fire      ####....     16%         4    ####...

Your spell library contained the following spells:

 Spells                   Type           Power        Failure   Level  Hunger
 Inner Flame              Hex/Fire       ###.....     10%         3    ##.....
 Fireball                 Conj/Fire      ####......   41%         5    #####..


Dungeon Overview and Level Annotations

Branches:
Dungeon (4/15)
 Temple: D:4-7

Altars:
Ashenzari
Kikubaaqudgha

Annotations:
D:2 Sigmund


Message History

Casting: Flame Tongue (safe; 1% risk of failure)
Confirm with . or Enter, or press ? or * to list all spells.
Aiming: Flame Tongue (safe; 1% risk of failure)
Press: ? - help, Shift-Dir - straight line, f/p - river rat
Aim: a river rat The flame tongue hits the river rat!
The river rat is heavily wounded.
The river rat bites you.
* * * LOW HITPOINT WARNING * * *
The rat twitches its whiskers.
The rat bites you but does no damage.
Casting: Flame Tongue (safe; 1% risk of failure)
Confirm with . or Enter, or press ? or * to list all spells.
Aiming: Flame Tongue (safe; 1% risk of failure)
Press: ? - help, Shift-Dir - straight line, f - rat, p - river rat
Aim: a rat The flame tongue hits the rat!
You kill the rat!
The river rat bites you!
You die...

###
#.#
#.#
#.#
#.#
#r#
#@#
#†#
#.#
#.#
#.#
#.#
#.#
#.#
#≈#


You could see a river rat.

Vanquished Creatures
  Crazy Yiuf (D:3)
  An orc wizard (D:3)
  Natasha (thrice) (D:2)
  Robin (D:2)
  5 adders (D:2)
  3 river rats (Sewer)
  7 worms
  3 dart slugs
  5 leopard geckos
  4 orcs (D:3)
  A ball python (D:3)
  6 giant cockroaches
  7 hobgoblins
  6 jackals
  A quokka (D:2)
  5 bats
  2 frilled lizards (D:1)
  18 goblins
  10 kobolds
  12 rats
101 creatures vanquished.

Vanquished Creatures (others)
  A plant (D:1)
1 creature vanquished.

Grand Total: 102 creatures vanquished

Notes
Turn   | Place    | Note
-------+----------+-------------------------------------------
     0 | D:1      | nikopol the Deep Elf Fire Elementalist began the quest for
                  | the Orb.
     0 | D:1      | Reached XP level 1. HP: 10/10 MP: 6/6
   325 | D:1      | Reached XP level 2. HP: 15/15 MP: 2/8
   934 | D:1      | Reached XP level 3. HP: 13/19 MP: 2/9
  1488 | D:2      | Noticed Robin
  1602 | D:2      | Found a shattered altar of Ashenzari.
  1727 | D:2      | Noticed Natasha
  1869 | D:2      | Reached XP level 4. HP: 24/24 MP: 8/11
  1874 | D:2      | Killed Natasha
  1891 | D:2      | Noticed Natasha
  1916 | D:2      | Noticed Sigmund
  2111 | D:1      | Learned a level 2 spell: Throw Flame
  2115 | D:1      | Learned a level 3 spell: Conjure Flame
  2436 | D:2      | Killed Natasha
  2436 | D:2      | Reached XP level 5. HP: 28/28 MP: 7/13
  2536 | D:2      | Noticed Natasha
  2553 | D:2      | Killed Natasha
  2553 | D:2      | Reached skill level 5 in Fire Magic
  2584 | D:2      | Learned a level 4 spell: Sticky Flame
  2600 | D:2      | Killed Robin
  3379 | D:3      | Reached skill level 5 in Spellcasting
  3590 | D:3      | Found a runed translucent door.
  3591 | D:3      | Noticed Crazy Yiuf
  3693 | D:3      | Found an ancient bone altar of Kikubaaqudgha.
  3994 | D:3      | Killed Crazy Yiuf
  3994 | D:3      | Reached XP level 6. HP: 32/32 MP: 4/15
  4185 | D:4      | Found a glowing drain.
  4239 | Sewer    | Entered a sewer
  4254 | Sewer    | Slain by a river rat

Levels and vault maps discovered:
D:1:      nzn_arrival_settlement, layout_basic, lexackson_kobold_supper
D:2:      layout_loops_ring, nicolae_ashenzari_panopticon, first_ration,
          chequers_serial_rivers_room_b, uniq_natasha, uniq_sigmund, uniq_robin
D:3:      layout_loops_ring, lemuel_round_altar, uniq_crazy_yiuf_cottage
D:4:      layout_cave_pools, cheibrodos_sewer_entry_drain, uniq_ijyb,
          uniq_eustachio
Sewer:    sewer_kobolds

Skill      XL: |  1  2  3  4  5 |
---------------+----------------+-----
Fire Magic     | 4 5 |  5.3
Conjurations   | 2 3 |  3.4
Stealth        | 3 |  3.8
Spellcasting   | 4 5 |  5.2
Dodging        | |  2.6

Action                   |  1- 3 |  4- 6 || total
-------------------------+-------+-------++-------
 Cast: Flame Tongue      |    81 |   109 ||   190
       Throw Flame       |       |     9 ||     9
       Conjure Flame     |       |     1 ||     1
  Eat: Chunk             |     3 |     5 ||     8
       Ration            |       |     1 ||     1
Armor: Robe              |     5 |     4 ||     9
Dodge: Dodged            |    16 |    14 ||    30

Table legend:
 A = Non-vault XP
 B = Vault XP
 C = Vault XP percentage of total XP
 D = Non-vault monster count
 E = Vault monster count
 F = Vault count percentage of total count
                 A         B        C        D         E       F
            +---------+---------+-------+---------+---------+-------
      Total |     319 |     171 |  34.9 |      76 |      25 |  24.8
            +---------+---------+-------+---------+---------+-------
        D:1 |      46 |      14 |  23.3 |      27 |       8 |  22.9
        D:2 |     160 |      63 |  28.3 |      20 |       8 |  28.6
        D:3 |     111 |      41 |  27.0 |      28 |       1 |   3.4
        D:4 |       2 |      13 |  86.7 |       1 |       4 |  80.0
      Sewer |       0 |      40 | 100.0 |       0 |       4 | 100.0
            +---------+---------+-------+---------+---------+-------
